 Dungeon Crawl Stone Soup version 0.20-a0-427-g8b12978 (webtiles) character file.

18 Kriby the Magician (level 2, -1/19 HPs)
             Began as a Mummy Fire Elementalist on Jan 1, 2017.
             Slain by a jackal (2 damage)
             ... on level 1 of the Dungeon.
             The game lasted 00:00:43 (598 turns).

Kriby the Magician (Mummy Fire Elementalist)         Turns: 598, Time: 00:00:44

Health: -1/19      AC:  2    Str: 11    XL:     2   Next: 48%
Magic:  0/6        EV: 12    Int: 14    God:
Gold:   15         SH:  0    Dex: 12    Spells: 6/7 levels left

rFire  x . .     SeeInvis .     (no weapon)
rCold  + . .     Gourm    .     a - +0 robe
rNeg   + + +     Faith    .     (no shield)
rPois  ∞         Spirit   .     (no helmet)
rElec  .         Reflect  .     (no cloak)
rCorr  .         Harm     .     (no gloves)
MR     .....                    (no boots)
Stlth  ++........               (no amulet)
                                (no ring)
                                (no ring)

@: very slightly contaminated
A: no food or potions, fire vulnerability, cold resistance 1, negative energy
resistance 3, torment resistance, unbreathing
a: no special abilities


You were on level 1 of the Dungeon.
You were not hungry.

You visited 1 branch of the dungeon, and saw 1 of its levels.

You collected 15 gold pieces.

Inventory:

Armour
 a - a +0 robe (worn)
Scrolls
 c - a scroll of teleportation {unknown}
 d - 2 scrolls of identify {unknown}
Books
 b - a book of Flames

   Spells                             Type                      Level
   a - Flame Tongue                   Conjuration/Fire             1
   b - Throw Flame                    Conjuration/Fire             2
   c - Conjure Flame                  Conjuration/Fire             3
   d - Inner Flame                    Hexes/Fire                   3
   e - Sticky Flame                   Conjuration/Fire             4
   f - Fireball                       Conjuration/Fire             5


   Skills:
 - Level 1.5 Dodging
 - Level 1.5 Stealth
 + Level 3.1 Spellcasting
 * Level 1.4 Conjurations
 + Level 2.6 Fire Magic


You had 6 spell levels left.
You knew the following spells:

 Your Spells              Type           Power        Failure   Level  Hunger
a - Flame Tongue          Conj/Fire      #....        12%         1    N/A

Dungeon Overview and Level Annotations

Branches:
Dungeon (1/15)

Altars:


Innate Abilities, Weirdness & Mutations

You do not eat or drink.
Your flesh is vulnerable to fire.
You are immune to poison.
Your flesh is cold resistant. (rC+)
You are immune to negative energy. (rN+++)
You are immune to unholy pain and torment.
You can survive without breathing.


Message History

The jackal is severely wounded.
The jackal bites you but does no damage.
The jackal barely misses you. The jackal misses you.
The jackal barely misses you. The jackal misses you.
There is a stone staircase leading down here.
Casting: Flame Tongue
Confirm with . or Enter, or press ? or * to list all spells.
Aiming: Flame Tongue
Press: ? - help, Shift-Dir - straight line, f/p - jackal
Aim: a jackal (severely wounded)
You miscast Flame Tongue.
You are very lightly contaminated with residual magic.
Nothing appears to happen.
The jackal completely misses you.
The jackal bites you but does no damage.
The jackal bites you.
* * * LOW HITPOINT WARNING * * *
The jackal bites you.
You die...

.........>...######..#
#..................)##
#....######..#.######
#....#
#..#.##############
#....#
#..#.#............#
#....#
#....#.##########.#
#....######....#.# #.#
#.........##...#.# #.#
#.#+#.....##...#@# #.#
#.#.#.....###..#h# #.#
#.#............#r########
#.#
#+#.#.....####...#......#
#.# ...##.....#
#...#.####.# #.#
...##.....# ##..#.# #.#
#.# ...######## #..#.#
#.# #.# ...#
#########>#[# #.# #.#
..######.........#.#
#.###.#


You could see a jackal and a rat.

Vanquished Creatures
  A dart slug (D:1)
  A leopard gecko (D:1)
  A bat (D:1)
  A giant cockroach (D:1)
  A goblin (D:1)
  A hobgoblin (D:1)
  2 jackals (D:1)
  2 frilled lizards (D:1)
  2 kobolds (D:1)
  2 rats (D:1)
14 creatures vanquished.

Notes
Turn   | Place    | Note
-------+----------+-------------------------------------------
     0 | D:1      | Kriby the Mummy Fire Elementalist began the quest for the Orb.
     0 | D:1      | Reached XP level 1. HP: 13/13 MP: 4/4
    91 | D:1      | Reached skill level 1 in Conjurations
   279 | D:1      | Reached skill level 3 in Spellcasting
   279 | D:1      | Reached XP level 2. HP: 19/19 MP: 3/6
   598 | D:1      | Slain by a jackal

Vault maps used:
D:1:      onia_arrival_mini_spirals, dk_noncrumbling_3

Skill      XL: |  1 |
---------------+----+-----
Conjurations   | 1 |  1.4
Spellcasting   | 3 |  3.1
Dodging        | |  1.5
Stealth        | |  1.5
Fire Magic     | |  2.6

Action                   || total
-------------------------++-------
Melee: Unarmed           ||    19
 Cast: Flame Tongue      ||    25
Armor: Robe              ||    11
Dodge: Dodged            ||    42
